 Dungeon Crawl Stone Soup version 0.17-a0-1416-gdf36fac (webtiles) character file.

2410 Geeful the Transmogrifier (level 9, -2/53 HPs)
             Began as an Octopode Transmuter on June 23, 2015.
             Was a Believer of Sif Muna.
             Killed from afar by an orc wizard (10 damage)
             ... with a puff of frost
             ... on level 8 of the Dungeon.
             The game lasted 01:06:03 (11606 turns).

Geeful the Transmogrifier (Octopode Transmuter)    Turns: 11606, Time: 01:06:03

Health: -2/53      AC:  1    Str:  9    XL:     9   Next: 47%
Magic:  10/15      EV: 13    Int: 15    God:    Sif Muna [**....]
Gold:   327        SH:  0    Dex: 16    Spells: 3 memorised, 9 levels left

rFire  + . .     SeeInvis .       - Unarmed
rCold  . . .     Clarity  .     (shield currently unavailable)
rNeg   . . .     SustAt   .     (helmet restricted)
rPois  .         Gourm    +     g - amulet of the gourmand
rElec  .         Spirit   .     r - ring of protection from fire
rCorr  .         Warding  .     t - ring of flight
rMut   .         Stasis   .     (no ring)
MR     .....                    (no ring)
Stlth  ++........               (no ring)
                                (no ring)
                                (no ring)
                                (no ring)

@: blade tentacles, not resistant to hostile enchantments, unstealthy
A: almost no armour, amphibious, 8 rings, constrict 8, camouflage 1, gelatinous
body 1
a: End Transformation, Channel Energy, Forget Spell, Renounce Religion, Evoke
Flight


You were on level 8 of the Dungeon.
You worshipped Sif Muna.
Sif Muna was pleased with you.
You were full.
You had blades for tentacles.
You visited 2 branches of the dungeon, and saw 9 of its levels.

You collected 327 gold pieces.

Inventory:

Hand weapons
 b - a +2 hunting sling of flaming
 k - a +0 flail of protection
 B - a +0 hand crossbow
Missiles
 a - 37 arrows
 e - 2 throwing nets (quivered)
 j - 119 sling bullets
 v - 11 bolts of penetration
 w - 15 arrows of frost
Jewellery
 g - an amulet of the gourmand (around mantle)
 n - an uncursed amulet of rage
 r - a ring of protection from fire (left scythe-like blade)
 t - a ring of flight (right scythe-like blade)
 A - an uncursed amulet of clarity
Magical devices
 o - a wand of fire (3)
Scrolls
 d - 2 scrolls of identify
 f - 4 scrolls of remove curse
 l - a scroll of amnesia
 m - 2 scrolls of noise
 p - 2 scrolls of magic mapping
 u - a scroll of fear
 y - 2 scrolls of teleportation
Potions
 h - a potion of cure mutation
 i - 5 potions of curing
 s - a potion of brilliance
 x - a potion of magic
Books
 q - a book of Changes

   Spells                             Type                      Level
   a - Beastly Appendage              Transmutation                1
   b - Sticks to Snakes               Transmutation                2
   c - Spider Form                    Transmutation/Poison         3
   d - Ice Form                       Ice/Transmutation            4
   e - Blade Hands                    Transmutation                5
Comestibles
 c - 8 bread rations
 z - 2 meat rations


   Skills:
 + Level 1.2 Fighting
 + Level 2.1 Dodging
 + Level 4.9 Unarmed Combat
 + Level 4.6 Spellcasting
 + Level 10.8 Transmutations


You had 9 spell levels left.
You knew the following spells:

 Your Spells              Type           Power        Failure   Level  Hunger
a - Beastly Appendage     Trmt           #####.       10%         1    None
b - Sticks to Snakes      Trmt           #####.....   12%         2    ##.....
c - Blade Hands           Trmt           #####.....   36%         5    ######.


Dungeon Overview and Level Annotations

Branches:
Dungeon (8/15)             Temple (1/1) D:4            Lair (0/8) D:8

Altars:
Ashenzari
Cheibriados
Dithmenos
Elyvilon
Fedhas
Kikubaaqudgha
Makhleb
Okawaru
Qazlal
Ru
Sif Muna
Trog
Vehumet
Xom
Yredelemnul
Zin
The Shining One

Annotations:
D:4 tijit's ghost, average GrFi
D:5 Grinder; chequers's ghost, experienced DsBe


Innate Abilities, Weirdness & Mutations

You cannot wear most types of armour.
You are amphibious.
You can wear up to eight rings at the same time.
You can use your tentacles to constrict eight enemies at once.
Your skin changes colour to match your surroundings (Stealth).
Your rubbery body absorbs attacks (AC +1).


Message History

The orc wizard barely misses you. The orc wizard completely misses you.
You tentacle-slap the orc wizard. Your grab misses the orc wizard.
The orc wizard is moderately wounded.
The river rat bites you!
* * * LOW HITPOINT WARNING * * *
An orc comes into view. It is wielding a club.
Casting: Beastly Appendage
Confirm with . or Enter, or press ? or * to list all spells.
Okay, then.
Casting: Beastly Appendage
Confirm with . or Enter, or press ? or * to list all spells.
Your tentacle spike disappears.
Your tentacles turn into razor-sharp scythe blades.
The orc shouts!
You hear a shout!
The orc wizard misses you. The river rat bites you.
* * * LOW HITPOINT WARNING * * *
The orc wizard points at you and mumbles some strange words.
The puff of frost hits you!
You die...

..#.##.# #.# ### .# #.#.##.# #.#
.# #.#.##.##### #.#
.###.#........#####.#
.##.......###.#.....# .##..######
#.#.##### .##..# #.#o# #
.##..########.#o#############.
...............r@.............###
##..#########..###########.......
r..................>.....+.......
#####..........###########.......
....'..........# #.......
###.#..........# #.......
....#.#######..###### #.......
#.#.# #..#....# #....... #.#
#..#.##.# #.......


You could see an orc wizard, a river rat and an orc.

Vanquished Creatures
  Menkaure (D:4)
  A necrophage (D:8)
  2 ogres
  2 orc warriors (D:7)
  A centaur (D:6)
  2 sky beasts
  A big kobold (D:8)
  4 giant frogs
  A wyvern zombie (D:6)
  Dowan (D:4)
  A scorpion (D:7)
  A crimson imp (D:8)
  An orc priest (D:7)
  4 hounds
  A giant frog skeleton (D:7)
  4 orc wizards
  7 worker ants
  A hound zombie (D:5)
  A worker ant zombie (D:8)
  Robin (D:4)
  8 adders
  A gnoll (D:1)
  2 shadow imps (D:5)
  2 oozes
  An adder zombie (D:5)
  5 worms
  4 giant geckos
  14 orcs
  13 bats
  5 giant cockroaches
  14 goblins
  14 hobgoblins
  22 jackals
  2 quokkas (D:8)
  5 ball pythons
  A ball python skeleton (D:5)
  A giant gecko skeleton (D:8)
  5 giant newts
  20 kobolds
  12 rats
  A spectral orc (D:4)
190 creatures vanquished.

Vanquished Creatures (collateral kills)
  Duvessa (D:4)
  A sky beast (D:7)
  An ogre (D:4)
  3 centaurs
  A big kobold (D:8)
  3 killer bees (D:8)
  An orc wizard (D:7)
  2 worker ants
  3 adders
  An orc (D:7)
  2 hobgoblins
  A kobold (D:8)
  2 goblins (D:4)
  A quokka (D:7)
23 creatures vanquished.

Vanquished Creatures (others)
  A bat skeleton (D:7)
  A kobold (D:8)
2 creatures vanquished.

Grand Total: 215 creatures vanquished

Notes
Turn   | Place    | Note
--------------------------------------------------------------
     0 | D:1      | Geeful the Octopode Transmuter began the quest for the Orb.
     0 | D:1      | Reached XP level 1. HP: 13/13 MP: 3/3
   296 | D:1      | Reached XP level 2. HP: 16/18 MP: 3/5
   420 | D:1      | Found a shattered altar of Ashenzari.
  1286 | D:1      | Reached XP level 3. HP: 10/23 MP: 4/6
  1533 | D:1      | Learned a level 2 spell: Sticks to Snakes
  2016 | D:2      | Reached XP level 4. HP: 21/28 MP: 6/8
  3339 | D:3      | Reached XP level 5. HP: 31/33 MP: 9/9
  3446 | D:3      | Reached skill level 4 in Transmutations
  3973 | D:4      | Noticed Menkaure
  3973 | D:4      | Noticed Robin
  3979 | D:4      | Killed Menkaure
  3979 | D:4      | Reached XP level 6. HP: 18/38 MP: 8/11
  4292 | D:4      | Noticed tijit's ghost (average GrFi)
  4380 | D:5      | Entered Level 5 of the Dungeon
  4429 | D:4      | Noticed an ogre
  4447 | D:4      | Killed an ogre
  4447 | D:4      | Reached skill level 5 in Transmutations
  4578 | D:4      | Killed Robin
  4802 | D:4      | Noticed a sky beast
  4900 | D:4      | Killed a sky beast
  4900 | D:4      | Reached XP level 7. HP: 43/43 MP: 6/12
  5209 | D:4      | Noticed Dowan
  5214 | D:4      | Noticed Duvessa
  5249 | D:4      | Killed Duvessa
  5254 | D:4      | Killed Dowan
  5496 | D:4      | Found a basalt altar of Yredelemnul.
  5607 | D:4      | Found a staircase to the Ecumenical Temple.
  5618 | Temple   | Entered the Ecumenical Temple
  5662 | Temple   | Became a worshipper of Sif Muna the Loreminder
  5836 | D:5      | Noticed chequers's ghost (experienced DsBe)
  5904 | D:5      | Reached skill level 6 in Transmutations
  6328 | D:5      | Noticed Grinder
  6549 | D:6      | Reached XP level 8. HP: 40/48 MP: 12/14
  7253 | D:6      | Reached skill level 7 in Transmutations
  7717 | D:6      | Acquired Sif Muna's first power
  8235 | D:7      | Reached skill level 8 in Transmutations
  8723 | D:7      | Found a shadowy altar of Dithmenos.
  8728 | D:7      | Reached skill level 9 in Transmutations
  9257 | D:7      | Found a shadowy altar of Dithmenos.
  9294 | D:7      | Found a glowing silver altar of Zin.
  9314 | D:7      | Acquired Sif Muna's second power
  9547 | D:7      | Reached XP level 9. HP: 53/53 MP: 15/15
 10104 | D:8      | Reached skill level 10 in Transmutations
 11214 | D:8      | Learned a level 5 spell: Blade Hands
 11533 | D:8      | Found a staircase to the Lair.
 11542 | D:8      | Noticed a blink frog
 11545 | D:8      | Noticed a spiny frog
 11606 | D:8      | Killed from afar by an orc wizard

Vault maps used:
D:1:      kilobyte_arrival_exit_the_forest, minmay_tree_intersection,
          nicolae_ashenzari_panopticon
D:4:      yredelemnul_forgotten_temple_becter, minmay_temple_entry_trees,
          uniq_menkaure, uniq_duvessa, uniq_robin
D:5:      first_bread, uniq_grinder
D:7:      nicolae_dithmenos_the_darkroom, lemuel_crystal_altar, basic_altar
D:8:      dpeg_lair_monsters, serial_shops, shop
Temple:   nicolae_temple_elliptical

Action                   |  1- 3 |  4- 6 |  7- 9 || total
-------------------------+-------+-------+-------++-------
Melee: Unarmed           |    71 |   124 |   220 ||   415
 Fire: Hunting sling     |       |    20 |    82 ||   102
 Cast: Beastly Appendage |    13 |    22 |    35 ||    70
       Sticks to Snakes  |     3 |    18 |    48 ||    69
       Blade Hands       |       |       |     2 ||     2
 Abil: Evoke Berserk Rag |       |     1 |       ||     1
Evoke: Wand              |       |     1 |     8 ||     9
  Use: Scroll            |     2 |     1 |    11 ||    14
       Potion            |     1 |     6 |     6 ||    13
 Stab: Sleeping          |     3 |     6 |     8 ||    17
       Distracted        |       |       |     1 ||     1
       Invisible         |       |       |     2 ||     2
  Eat: Chunk             |    18 |     9 |    40 ||    67
       Meat ration       |       |       |     1 ||     1
       Fruit             |       |       |     1 ||     1
       Pizza             |       |       |     1 ||     1
       Beef jerky        |       |       |     1 ||     1
